| TOP OF THE 1ST |
|
UCLA Bruins batting - Pitching for University of Arizona Wildcats : RHP Ai-de Zhào
|
|
Pitching: RHP Ai-de Zhào
|
|
|
Batting: RHB Ken Hillman
|
0-0: Called Strike 0-1: Ball 1-1: Ball 2-1: Ball 3-1: Foul Ball, location: 2F 3-2: Base on Balls
|
|
Batting: RHB Issac Konol
|
0-0: Fly out, F9 (Flyball, 9, EV 73.1 MPH)
|
|
Batting: RHB Andy Knerr
|
0-0: Ball Ken Hillman steals 2nd base (no throw) 1-0: Foul Ball, location: 2F 1-1: Ball 2-1: Fly out, F8 (Flyball, 8RS, EV 95.6 MPH)
|
|
Batting: RHB Corey Bradley
|
0-0: Called Strike 0-1: Ball 1-1: Foul Ball, location: 2F 1-2: Fly out, F7 (Flyball, 78S, EV 96.9 MPH)
|
| Top of the 1st over - 0 runs, 0 hits, 0 errors, 1 left on base; UCLA 0 - University of Arizona 0 |
| BOTTOM OF THE 1ST |
|
University of Arizona Wildcats batting - Pitching for UCLA Bruins : RHP Cyrano Papadoupolos
|
|
Pitching: RHP Cyrano Papadoupolos
|
|
|
Batting: RHB Tatsuro Hamasaki
|
0-0: Ball 1-0: SINGLE (Groundball, 56D, EV 106.2 MPH)
|
|
Batting: LHB Pascal Noël
|
0-0: Called Strike 0-1: Grounds into double play, 4-6-3 (Groundball, 34D, EV 88.1 MPH)
|
|
Batting: LHB Andrew Davis
|
0-0: Ground out 4-3 (Groundball, 4D, EV 106.2 MPH)
|
| Bottom of the 1st over - 0 runs, 1 hit, 0 errors, 0 left on base; UCLA 0 - University of Arizona 0 |
| TOP OF THE 2ND |
|
UCLA Bruins batting - Pitching for University of Arizona Wildcats : RHP Ai-de Zhào
|
|
Batting: LHB Scott Mullett
|
0-0: Ball 1-0: Ball 2-0: Ball 3-0: Called Strike 3-1: Base on Balls
|
|
Batting: SHB Mike Beck
|
0-0: Ball 1-0: Ball 2-0: Called Strike 2-1: Ball Passed Ball! Scott Mullett to second 3-1: Base on Balls
|
|
Batting: RHB Dave Spradley
|
0-0: Ball 1-0: Called Strike 1-1: Ball 2-1: Foul Ball, location: 2F 2-2: Ball 3-2: Base on Balls Scott Mullett to third Mike Beck to second
|
|
Batting: RHB Michael Alvarado
|
0-0: Called Strike 0-1: Ball 1-1: Called Strike 1-2: Ball 2-2: Fly out, F8 (Flyball, 89D, EV 85.0 MPH) Runner from 3rd tags up, SCORES, throw by CF Mike Beck to third
|
|
Batting: RHB Ivan Murillo
|
0-0: Ball 1-0: Foul Ball, location: 2F 1-1: Swinging Strike 1-2: Ball 2-2: Strikes out looking
|
|
Batting: RHB Ken Hillman
|
0-0: Ball 1-0: Reached on error, E3 (Groundball, 13, EV 82.5 MPH) Mike Beck scores Dave Spradley to second
|
|
Batting: RHB Issac Konol
|
0-0: Ball 1-0: Ball 2-0: SINGLE (Line Drive, 6MD, EV 105.0 MPH) Dave Spradley to third Ken Hillman to second
|
|
Batting: RHB Andy Knerr
|
0-0: Ball 1-0: Swinging Strike 1-1: Foul Ball, location: 2F 1-2: Fly out, F8 (Flyball, 8LS, EV 89.4 MPH)
|
| Top of the 2nd over - 2 runs, 1 hit, 1 error, 3 left on base; UCLA 2 - University of Arizona 0 |
| BOTTOM OF THE 2ND |
|
University of Arizona Wildcats batting - Pitching for UCLA Bruins : RHP Cyrano Papadoupolos
|
|
Batting: LHB Mark Harris
|
0-0: Ground out 4-3 (Groundball, 4, EV 90.6 MPH)
|
|
Batting: RHB Larry Harlow
|
0-0: Called Strike 0-1: Ground out 1-3 (Groundball, 13S, EV 61.2 MPH)
|
|
Batting: LHB Lihau Keawe
|
0-0: Ball 1-0: Called Strike 1-1: Ball 2-1: Ground out 4-3 (Groundball, 4, EV 85.6 MPH)
|
| Bottom of the 2nd over - 0 runs, 0 hits, 0 errors, 0 left on base; UCLA 2 - University of Arizona 0 |
| TOP OF THE 3RD |
|
UCLA Bruins batting - Pitching for University of Arizona Wildcats : RHP Ai-de Zhào
|
|
Batting: RHB Corey Bradley
|
0-0: Called Strike 0-1: Fly out, F8 (Flyball, 8LD, EV 90.6 MPH)
|
|
Batting: LHB Scott Mullett
|
0-0: Ball 1-0: Called Strike 1-1: Ball 2-1: Fly out, F7 (Flyball, 7, EV 88.1 MPH)
|
|
Batting: SHB Mike Beck
|
0-0: Ground out 4-3 (Groundball, 4, EV 91.9 MPH)
|
| Top of the 3rd over - 0 runs, 0 hits, 0 errors, 0 left on base; UCLA 2 - University of Arizona 0 |
| BOTTOM OF THE 3RD |
|
University of Arizona Wildcats batting - Pitching for UCLA Bruins : RHP Cyrano Papadoupolos
|
|
Batting: RHB Eddy Amaya
|
0-0: Ball 1-0: Ball 2-0: Swinging Strike 2-1: Swinging Strike 2-2: Foul Ball, location: 2F 2-2: Ball 3-2: Strikes out swinging
|
|
Batting: RHB Vince Parris
|
0-0: Foul Ball, location: 2F 0-1: Called Strike 0-2: Ball 1-2: Strikes out looking
|
|
Batting: LHB Jere Paatelainen
|
0-0: Ground out 4-3 (Groundball, 34, EV 103.8 MPH)
|
| Bottom of the 3rd over - 0 runs, 0 hits, 0 errors, 0 left on base; UCLA 2 - University of Arizona 0 |
| TOP OF THE 4TH |
|
UCLA Bruins batting - Pitching for University of Arizona Wildcats : RHP Ai-de Zhào
|
|
Batting: RHB Dave Spradley
|
0-0: Fly out, F8 (Flyball, 8RM, EV 93.8 MPH)
|
|
Batting: RHB Michael Alvarado
|
0-0: Called Strike 0-1: Ball 1-1: Ball 2-1: Ground out 6-3 (Groundball, 6, EV 106.9 MPH)
|
|
Batting: RHB Ivan Murillo
|
0-0: SINGLE (Groundball, 34D, EV 93.8 MPH)
|
|
Batting: RHB Ken Hillman
|
0-0: Ball 1-0: SINGLE (Groundball, 23, EV 65.6 MPH) (infield hit) Ivan Murillo to second
|
|
Batting: RHB Issac Konol
|
0-0: Called Strike 0-1: Ball 1-1: Ball 2-1: Called Strike 2-2: Foul Ball, location: 2F 2-2: Ground out 5-3 (Groundball, 56S, EV 61.2 MPH)
|
| Top of the 4th over - 0 runs, 2 hits, 0 errors, 2 left on base; UCLA 2 - University of Arizona 0 |
| BOTTOM OF THE 4TH |
|
University of Arizona Wildcats batting - Pitching for UCLA Bruins : RHP Cyrano Papadoupolos
|
|
Batting: RHB Tatsuro Hamasaki
|
0-0: Fly out, F3 (Popup, 3SF, EV 77.5 MPH)
|
|
Batting: LHB Pascal Noël
|
0-0: Foul Ball, location: 2F 0-1: SINGLE (Line Drive, 6D, EV 97.5 MPH)
|
|
Batting: LHB Andrew Davis
|
0-0: Ball 1-0: Foul Ball, location: 2F 1-1: Called Strike 1-2: Foul Ball, location: 2F 1-2: Ball 2-2: Foul Ball, location: 2F 2-2: Fielders Choice at 2nd, 4-6 (Groundball, 34, EV 82.5 MPH)
|
|
Batting: LHB Mark Harris
|
0-0: Fielders Choice at 2nd, U4 (Groundball, 4M, EV 81.9 MPH)
|
| Bottom of the 4th over - 0 runs, 1 hit, 0 errors, 1 left on base; UCLA 2 - University of Arizona 0 |
| TOP OF THE 5TH |
|
UCLA Bruins batting - Pitching for University of Arizona Wildcats : RHP Ai-de Zhào
|
|
Batting: RHB Andy Knerr
|
0-0: Ball 1-0: Called Strike 1-1: Called Strike 1-2: Ball 2-2: Ball 3-2: Foul Ball, location: 2F 3-2: Strikes out swinging
|
|
Batting: RHB Corey Bradley
|
0-0: SINGLE (Line Drive, 4D, EV 97.5 MPH)
|
|
Batting: LHB Scott Mullett
|
0-0: Called Strike 0-1: Called Strike 0-2: Foul Ball, location: 2F 0-2: Fly out, F8 (Flyball, 8LS, EV 86.9 MPH)
|
|
Pitching: LHP Matt Waterbury
|
|
|
Batting: SHB Mike Beck
|
0-0: Ball 1-0: Foul Ball, location: 2F 1-1: SINGLE (Line Drive, 7LM, EV 93.8 MPH) Corey Bradley to second
|
|
Batting: RHB Dave Spradley
|
0-0: Ground out 4-3 (Groundball, 4, EV 85.6 MPH)
|
| Top of the 5th over - 0 runs, 2 hits, 0 errors, 2 left on base; UCLA 2 - University of Arizona 0 |
| BOTTOM OF THE 5TH |
|
University of Arizona Wildcats batting - Pitching for UCLA Bruins : RHP Cyrano Papadoupolos
|
|
Batting: RHB Larry Harlow
|
0-0: Fly out, F9 (Flyball, 9, EV 75.6 MPH)
|
|
Batting: LHB Lihau Keawe
|
0-0: Foul Ball, location: 2F 0-1: Called Strike 0-2: Ball 1-2: Ball 2-2: SINGLE (Groundball, 5D, EV 109.4 MPH)
|
|
Batting: RHB Eddy Amaya
|
0-0: Swinging Strike 0-1: Called Strike 0-2: Ball 1-2: Strikes out swinging
|
|
Batting: RHB Vince Parris
|
0-0: Fly out, F6 (Popup, 6, EV 51.2 MPH)
|
| Bottom of the 5th over - 0 runs, 1 hit, 0 errors, 1 left on base; UCLA 2 - University of Arizona 0 |
| TOP OF THE 6TH |
|
UCLA Bruins batting - Pitching for University of Arizona Wildcats : LHP Matt Waterbury
|
|
Batting: RHB Michael Alvarado
|
0-0: Foul Ball, location: 2F 0-1: Foul Ball, location: 2F 0-2: Ball 1-2: Ball 2-2: Fly out, F6 (Popup, 6M, EV 55.6 MPH)
|
|
Batting: RHB Ivan Murillo
|
0-0: Called Strike 0-1: Foul Ball, location: 2F 0-2: Strikes out swinging
|
|
Batting: RHB Ken Hillman
|
0-0: Ball 1-0: Ball 2-0: Called Strike 2-1: Ball 3-1: Called Strike 3-2: SINGLE (Groundball, 34D, EV 107.5 MPH)
|
|
Batting: RHB Issac Konol
|
0-0: Ball 1-0: Ball 2-0: Foul Ball, location: 2F 2-1: Ball 3-1: Fly out, F3 (Popup, 34S, EV 78.8 MPH)
|
| Top of the 6th over - 0 runs, 1 hit, 0 errors, 1 left on base; UCLA 2 - University of Arizona 0 |
| BOTTOM OF THE 6TH |
|
University of Arizona Wildcats batting - Pitching for UCLA Bruins : RHP Cyrano Papadoupolos
|
|
Batting: LHB Jere Paatelainen
|
0-0: Ball 1-0: Called Strike 1-1: Swinging Strike 1-2: Strikes out swinging
|
|
Batting: RHB Tatsuro Hamasaki
|
0-0: Ground out 5-3 (Groundball, 56S, EV 91.2 MPH)
|
|
Batting: LHB Pascal Noël
|
0-0: Ball 1-0: Ball 2-0: Ground out 4-3 (Groundball, 4, EV 102.5 MPH)
|
| Bottom of the 6th over - 0 runs, 0 hits, 0 errors, 0 left on base; UCLA 2 - University of Arizona 0 |
| TOP OF THE 7TH |
|
UCLA Bruins batting - Pitching for University of Arizona Wildcats : LHP Matt Waterbury
|
|
Pitching: RHP Rogelio Chavez
|
|
|
Batting: RHB Andy Knerr
|
0-0: Ball 1-0: Called Strike 1-1: Ball 2-1: Fly out, F9 (Flyball, 9LS, EV 88.1 MPH)
|
|
Batting: RHB Luis de Jesus
|
0-0: Foul Ball, location: 2F 0-1: Ball 1-1: Ball 2-1: Fly out, F9 (Flyball, 9, EV 80.6 MPH)
|
|
Batting: LHB Scott Mullett
|
0-0: Ball 1-0: Fly out, F7 (Flyball, 7, EV 87.5 MPH)
|
| Top of the 7th over - 0 runs, 0 hits, 0 errors, 0 left on base; UCLA 2 - University of Arizona 0 |
| BOTTOM OF THE 7TH |
|
University of Arizona Wildcats batting - Pitching for UCLA Bruins : RHP Cyrano Papadoupolos
|
|
Batting: LHB Andrew Davis
|
0-0: DOUBLE (Line Drive, 7LM, EV 95.6 MPH)
|
|
Batting: LHB Mark Harris
|
0-0: Ball 1-0: Fly out, F9 (Flyball, 89M, EV 83.1 MPH)
|
|
Batting: RHB Larry Harlow
|
0-0: Ball 1-0: Called Strike 1-1: Called Strike 1-2: Strikes out looking
|
|
Batting: LHB Lihau Keawe
|
0-0: Called Strike 0-1: Called Strike 0-2: Strikes out swinging
|
| Bottom of the 7th over - 0 runs, 1 hit, 0 errors, 1 left on base; UCLA 2 - University of Arizona 0 |
| TOP OF THE 8TH |
|
UCLA Bruins batting - Pitching for University of Arizona Wildcats : RHP Rogelio Chavez
|
|
Batting: SHB Mike Beck
|
0-0: Ball 1-0: Foul Ball, location: 2F 1-1: Ball 2-1: Foul Ball, location: 2F 2-2: Ball 3-2: Foul Ball, location: 2F 3-2: Base on Balls
|
|
Batting: RHB Dave Spradley
|
0-0: Swinging Strike 0-1: Called Strike 0-2: Strikes out swinging
|
|
Batting: RHB Michael Alvarado
|
0-0: Ground out 6-3 (Groundball, 6S, EV 70.0 MPH) Mike Beck to second
|
|
Batting: RHB Ivan Murillo
|
0-0: Ball 1-0: Foul Ball, location: 2F 1-1: Hit by Pitch
|
|
Batting: RHB Ken Hillman
|
0-0: Called Strike 0-1: Called Strike 0-2: SINGLE (Flyball, 56D, EV 85.0 MPH) Mike Beck to third Ivan Murillo to second Runner from 3rd tries for Home, SAFE, throw by LF to home
|
|
Pitching: RHP Chris Obloy
|
|
|
Batting: RHB Issac Konol
|
0-0: Ball 1-0: Ball 2-0: Called Strike 2-1: 3-RUN HOME RUN (Flyball, 78XD, EV 100.0 MPH), Distance : 405 ft
|
|
Batting: RHB Andy Knerr
|
0-0: Ball 1-0: Foul Ball, location: 2F 1-1: Foul Ball, location: 2F 1-2: Foul Ball, location: 2F 1-2: SINGLE (Groundball, 5S, EV 65.0 MPH) (infield hit)
|
|
Batting: RHB Luis de Jesus
|
0-0: Called Strike 0-1: Called Strike 0-2: Strikes out swinging
|
| Top of the 8th over - 4 runs, 3 hits, 0 errors, 1 left on base; UCLA 6 - University of Arizona 0 |
| BOTTOM OF THE 8TH |
|
University of Arizona Wildcats batting - Pitching for UCLA Bruins : RHP Cyrano Papadoupolos
|
|
Batting: RHB Eddy Amaya
|
0-0: Called Strike 0-1: Ball 1-1: Swinging Strike 1-2: Foul Ball, location: 2F 1-2: Ball 2-2: Ball 3-2: Base on Balls
|
|
Batting: RHB Vince Parris
|
0-0: Ball 1-0: Ball 2-0: Swinging Strike 2-1: Called Strike 2-2: Foul Ball, location: 2F 2-2: Grounds into double play, 4-6-3 (Groundball, 34, EV 80.0 MPH)
|
|
Batting: LHB Jere Paatelainen
|
0-0: Foul Ball, location: 2F 0-1: Ball 1-1: Fly out, F5 (Line Drive, 5L, EV 76.9 MPH)
|
| Bottom of the 8th over - 0 runs, 0 hits, 0 errors, 0 left on base; UCLA 6 - University of Arizona 0 |
| TOP OF THE 9TH |
|
UCLA Bruins batting - Pitching for University of Arizona Wildcats : RHP Chris Obloy
|
|
Batting: LHB Scott Mullett
|
0-0: Ball 1-0: Ball 2-0: Called Strike 2-1: Ground out 4-3 (Groundball, 4, EV 81.9 MPH)
|
|
Batting: SHB Mike Beck
|
0-0: Foul Ball, location: 2F 0-1: Ball 1-1: Fly out, F8 (Flyball, 8RD, EV 106.2 MPH)
|
|
Pitching: RHP Jimmy Serna
|
|
|
Batting: RHB Dave Spradley
|
0-0: Ball 1-0: Ball 2-0: Called Strike 2-1: Fly out, F6 (Popup, 6S, EV 86.2 MPH)
|
| Top of the 9th over - 0 runs, 0 hits, 0 errors, 0 left on base; UCLA 6 - University of Arizona 0 |
| BOTTOM OF THE 9TH |
|
University of Arizona Wildcats batting - Pitching for UCLA Bruins : RHP Cyrano Papadoupolos
|
|
Pitching: RHP Mark Crawford
|
|
|
Pinch Hitting: SHB George Grace
|
0-0: Called Strike 0-1: Ground out 5-3 (Groundball, 5, EV 108.1 MPH)
|
|
Batting: LHB Pascal Noël
|
0-0: Called Strike 0-1: Fly out, F7 (Flyball, 7, EV 93.8 MPH)
|
|
Batting: LHB Andrew Davis
|
0-0: Foul Ball, location: 2F 0-1: Foul Ball, location: 2F 0-2: Ball 1-2: Fly out, F9 (Flyball, 9, EV 92.5 MPH)
|
| Bottom of the 9th over - 0 runs, 0 hits, 0 errors, 0 left on base; UCLA 6 - University of Arizona 0 |
|